 Dungeon Crawl Stone Soup version 0.26.1-2-gb8aa6d0cf2 (webtiles) character file.

Game seed: 12790824823222663698

130 jlumianski the Ducker (level 4, -4/36 HPs)
             Began as a Minotaur Arcane Marksman on Feb 10, 2021.
             Was an Initiate of Fedhas.
             Slain by an adder (5 damage)
             ... on level 3 of the Dungeon.
             The game lasted 00:08:23 (2416 turns).

jlumianski the Ducker (Minotaur Arcane Marksman)    Turns: 2416, Time: 00:08:24

Health: -4/36      AC:  2    Str: 15    XL:     4   Next: 90%
Magic:  5/5        EV: 12    Int: 11    God:    Fedhas [......]
Gold:   82         SH:  0    Dex: 10    Spells: 3/6 levels left

rFire    . . .     SeeInvis .   h - +1 dagger (venom)
rCold    . . .     Faith    .   (no shield)
rNeg     . . .     Spirit   .   e - +0 robe
rPois    .         Reflect  .   (helmet restricted)
rElec    .         Harm     .   (no cloak)
rCorr    .         Rampage  .   (no gloves)
Will     .....                  (no boots)
Stlth    +.........             (no amulet)
HPRegen  0.12/turn              (no ring)
MPRegen  0.09/turn              (no ring)

@: lethally poisoned (-4 -> -8), hasted, very quick
A: retaliatory headbutt, horns 2
a: Renounce Religion


You were on level 3 of the Dungeon.
You worshipped Fedhas.
Fedhas was noncommittal.
You visited 1 branch of the dungeon, and saw 3 of its levels.

You collected 82 gold pieces.

Inventory:

Hand Weapons
 a - a +0 hand crossbow
 b - a +0 short sword
 h - a +1 dagger of venom (weapon)
 n - a +0 hunting sling
Missiles
 d - 18 bolts
 g - 82 stones (quivered)
 l - 7 silver javelins
Armour
 c - a +0 buckler
 e - a +0 robe (worn)
Jewellery
 i - a cursed ring of teleportation {unknown}
 j - a cursed ring of attention {unknown}
Scrolls
 f - 2 scrolls of identify {unknown}
 k - a scroll of remove curse {unknown}


   Skills:
 + Level 2.0 Fighting
 + Level 1.6 Short Blades
 + Level 2.6 Crossbows
 + Level 2.8 Dodging
 + Level 0.7 Stealth
 + Level 1.5 Spellcasting
 + Level 2.7 Hexes


You had 3 spell levels left.
You knew the following spells:

 Your Spells              Type           Power        Failure   Level
a - Corona                Hex            6%           10%         1
b - Slow                  Hex            6%           16%         2

Your spell library contained the following spells:

 Spells                   Type           Power        Failure   Level
 Inner Flame              Hex/Fire       3%           45%         3
 Portal Projectile        Hex/Tloc       6%           45%         3
 Cause Fear               Hex            3%           69%         4
 Leda's Liquefaction      Hex/Erth       1%           86%         4


Dungeon Overview and Level Annotations

Branches:
Dungeon (3/15)

Altars:
Fedhas


Innate Abilities, Weirdness & Mutations

You reflexively headbutt those who attack you in melee.
You have a pair of horns on your head.


Message History

You feel sick.
g - 81 stones (gained 1)
You feel sick.
g - 82 stones (gained 1)
You feel sick.
You feel sick.
The adder hisses angrily.
The adder bites you.
* * * LOW HITPOINT WARNING * * *
You are more poisoned.
The adder poisons you!
* * * LOW HITPOINT WARNING * * *
You feel sick.
It was a potion of haste.
You feel yourself speed up.
* * * LOW HITPOINT WARNING * * *
You feel sick. The adder bites you.
* * * LOW HITPOINT WARNING * * *
The adder bites you.
You die...
Fedhas appreciates your contribution to the ecosystem.

.. #.......#..#
...+....$.÷+ .#
...#.......# .# ##
...........##.####....
.....................#
#.......÷).........#
#..#P.................#
...#.[#....S.............#
...####....@.............##
................†.........#
..........................#
..........................#
............####...)).....#
............# #..........#
.........†..# #..........#
.........#### ###........+
..........# ..........#


You could see an adder.

Vanquished Creatures
  A bullfrog skeleton (D:3)
  4 adders
  An ooze (D:2)
  A worm (D:2)
  2 dart slugs (D:1)
  A leopard gecko (D:2)
  An orc (D:3)
  9 bats
  2 giant cockroaches (D:2)
  7 goblins
  8 hobgoblins
  4 kobolds
  A quokka (D:2)
  A ball python (D:3)
  4 frilled lizards
  9 rats
56 creatures vanquished.

Vanquished Creatures (others)
  2 plants (D:2)
2 creatures vanquished.

Grand Total: 58 creatures vanquished

Notes
Turn   | Place    | Note
-------+----------+-------------------------------------------
     0 | D:1      | jlumianski the Minotaur Arcane Marksman began the quest for
                  | the Orb.
     0 | D:1      | Reached XP level 1. HP: 16/16 MP: 1/1
   146 | D:1      | Reached XP level 2. HP: 23/23 MP: 2/2
  1130 | D:1      | Reached XP level 3. HP: 26/28 MP: 0/3
  2003 | D:2      | Found a blossoming altar of Fedhas.
  2037 | D:2      | Reached XP level 4. HP: 35/35 MP: 4/4
  2051 | D:2      | Became a worshipper of Fedhas Madash
  2120 | D:2      | Reached skill level 1 in Short Blades
  2262 | D:3      | Learned a level 2 spell: Slow
  2416 | D:3      | HP: 1/36 [adder (4)]
  2416 | D:3      | Slain by an adder

Illustrated notes

Levels and vault maps discovered:
D:1:      dpeg_arrival_subterranean_lakeside_camping, layout_basic
D:2:      layout_rooms, fedhas_altar_1
D:3:      layout_basic, gammafunk_temple_overflow_wave, corexii_shack,
          minmay_close_crescents, uniq_crazy_yiuf_cottage

Skill      XL: |  1  2  3  4 |
---------------+-------------+-----
Short Blades   | 1 |  1.6
Fighting       | 2 |  2.0
Crossbows      | |  2.6
Dodging        | |  2.8
Stealth        | |  0.7
Spellcasting   | |  1.5
Hexes          | |  2.7

Action                   |  1- 3 |  4- 6 || total
-------------------------+-------+-------++-------
Melee: Short sword       |    66 |       ||    66
       Headbutt          |     8 |     7 ||    15
       Dagger            |    20 |    36 ||    56
 Fire: Hand crossbow     |    12 |       ||    12
 Cast: Corona            |    17 |     5 ||    22
  Use: Potion            |       |     1 ||     1
Armor: Robe              |    18 |     6 ||    24
Dodge: Dodged            |    69 |    30 ||    99
